 Dungeon Crawl Stone Soup version 0.22-a0-126-g307c7c3 (webtiles) character file.

16 GrunderHorse the Skirmisher (level 2, 24/24 HPs)
             Began as a Demonspawn Abyssal Knight on Jan 30, 2018.
             Was a Follower of Lugonu.
             Quit the game on level 1 of the Dungeon.
             The game lasted 00:02:41 (782 turns).

GrunderHorse the Skirmisher (DsAK)                   Turns: 782, Time: 00:02:42

Health: 24/24      AC:  5    Str: 12    XL:     2   Next: 37%
Magic:  3/3        EV: 10    Int: 13    God:    Lugonu [*.....]
Gold:   84         SH:  0    Dex: 12    Spells: 1/1 levels left

rFire    . . .     SeeInvis .   a - +1 hand axe
rCold    . . .     Gourm    .   (no shield)
rNeg     . . .     Faith    .   d - +0 ring mail
rPois    .         Spirit   .   (no helmet)
rElec    .         Reflect  .   (no cloak)
rCorr    .         Harm     .   (no gloves)
MR       .....                  (no boots)
Stlth    ..........             (no amulet)
HPRegen  0.08/turn              (no ring)
MPRegen  0.08/turn              (no ring)

@: no status effects
A: hooves 1
a: Depart the Abyss, Renounce Religion


You were on level 1 of the Dungeon.
You worshipped Lugonu.
Lugonu was aware of your devotion.
You were not hungry.

You visited 1 branch of the dungeon, and saw 1 of its levels.
You visited the Abyss 1 time.

You collected 84 gold pieces.

Inventory:

Hand Weapons
 a - a +1 hand axe (weapon)
Missiles
 g - 12 poisoned needles
Armour
 b - a +0 leather armour
 d - a +0 ring mail (worn)
Scrolls
 f - a scroll of remove curse {unknown}
 i - a scroll of identify {unknown}
 j - 2 scrolls of teleportation {unknown}
Potions
 e - a potion of brilliance {unknown}
 h - a potion of might {unknown}
Comestibles
 c - 2 rations


   Skills:
 + Level 3.4 Fighting
 + Level 1.8 Axes
 + Level 1.9 Armour
 + Level 1.2 Dodging
 + Level 2.6 Invocations


You had one spell level left.
You didn't know any spells.

Dungeon Overview and Level Annotations

Branches:
Dungeon (1/15)

Altars:


Innate Abilities, Weirdness & Mutations

You have large cloven feet.


Message History

The bat hits you but does no damage. The bat closely misses you. x2
You completely miss the bat. The bat hits you but does no damage. x2
The bat closely misses you.
You barely miss the bat. Your kick misses the bat.
The bat hits you but does no damage. The bat hits you but does no damage. x2
You closely miss the bat. The bat hits you but does no damage.
The bat barely misses you.
You barely miss the bat. The bat misses you.
The bat hits you but does no damage. The bat barely misses you.
The bat barely misses you. The bat hits you but does no damage.
The bat barely misses you. The bat misses you.
You hit the bat.
The bat is moderately wounded.
The bat misses you.
Found a scroll labeled SIMNIK PYTZE.
Okay, then.
Autopickup is now off.
Are you sure you want to abandon this character and quit the game? (Confirm with "yes".)

####..... #..#
##.##. #?.# #.###
#..# ####.### #..#
#....... #..#
#.###### #..
#.################
#@........†.......
##################


There were no monsters in sight!

Vanquished Creatures
  3 dart slugs (D:1)
  A leopard gecko (D:1)
  A giant cockroach (D:1)
  A goblin (D:1)
  A hobgoblin (D:1)
  A frilled lizard (D:1)
  A rat (D:1)
9 creatures vanquished.

Vanquished Creatures (others)
  4 starspawn tentacles (Abyss:1)
4 creatures vanquished.

Grand Total: 13 creatures vanquished

Notes
Turn   | Place    | Note
-------+----------+-------------------------------------------
     0 | Abyss:1  | GrunderHorse the Demonspawn Abyssal Knight began the quest for the Orb.
     0 | Abyss:1  | Reached XP level 1. HP: 18/18 MP: 2/2
    36 | Abyss:1  | Noticed a spatial vortex
    81 | Abyss:1  | Noticed a spatial vortex
   104 | Abyss:1  | Noticed a tentacled starspawn
   120 | Abyss:1  | Noticed a tentacled starspawn
   128 | D:1      | Escaped the Abyss
   333 | D:1      | Reached skill level 1 in Dodging
   398 | D:1      | Reached * piety under Lugonu
   398 | D:1      | Gained mutation: You have large cloven feet. [demonic ancestry]
   398 | D:1      | Reached XP level 2. HP: 24/24 MP: 3/3
   782 | D:1      | Quit the game

Vault maps used:
D:1:      dpeg_arrival_leaves_temple_mockup, minmay_stone_trees_medium
Abyss:1:  evilmike_abyss_exit_mutagenic, minivault_23

Skill      XL: |  1 |
---------------+----+-----
Dodging        | 1 |  1.2
Fighting       | |  3.4
Axes           | |  1.8
Armour         | |  1.9
Invocations    | |  2.6

Action                   || total
-------------------------++-------
Melee: Hand axe          ||    26
       Kick              ||     3
Invok: Depart the Abyss  ||     1
Armor: Ring mail         ||    20
Dodge: Dodged            ||    22

Table legend:
 A = Spawn XP
 B = Non-spawn XP
 C = Spawn XP percentage of total XP
 D = Spawn monster count
 E = Non-spawn monster count
 F = Spawn count percentage of total count
 G = Total turns spent on level
                    A         B        C        D         E        F      G
               +---------+---------+-------+---------+---------+-------+---------
         Total |       0 |      23 |   0.0 |       0 |       9 |   0.0 |   782
               +---------+---------+-------+---------+---------+-------+---------
           D:1 |       0 |      23 |   0.0 |       0 |       9 |   0.0 |   654
               +---------+---------+-------+---------+---------+-------+---------
